 Dungeon Crawl Stone Soup version 0.16.1-16-gc44b35d (webtiles) character file.

63 Chiseanne the Grasshopper (level 3, -2/18 HPs)
             Began as a Spriggan Warper on Apr 25, 2015.
             Slain by Sigmund
             ... wielding a +3 scythe of freezing
              (5 damage)
             ... on level 2 of the Dungeon.
             The game lasted 00:09:25 (3218 turns).

Chiseanne the Grasshopper (Spriggan Warper)         Turns: 3218, Time: 00:09:25

Health: -2/18      AC:  2    Str:  7    XL:     3   Next: 89%
Magic:  11/11      EV: 19    Int: 14    God:
Gold:   75         SH:  0    Dex: 16    Spells: 4 memorised, 0 levels left

rFire  . . .     SeeInvis +     e - +0 hand crossbow
rCold  . . .     Clarity  .     b - +0 robe
rNeg   . . .     SustAb   .     (shield restricted)
rPois  .         Gourm    .     (helmet restricted)
rElec  .         Spirit   .     (no cloak)
rCorr  .         Warding  .     (gloves unavailable)
rMut   .         Stasis   .     (boots unavailable)
MR     .....                    (no amulet)
Stlth  +.........               (no ring)
                                (no ring)

@: confused, very quick, not resistant to hostile enchantments, very unstealthy
A: unfitting armour, see invisible, herbivore 3, speed 3, slow metabolism 2
a: no special abilities


You were on level 2 of the Dungeon.
You were full.

You visited 1 branch of the dungeon, and saw 2 of its levels.

You collected 75 gold pieces.

Inventory:

Hand weapons
 a - a +0 short sword
 e - a +0 hand crossbow (weapon)
 l - a +2 dagger of protection
Missiles
 g - 31 sling bullets
 n - 16 arrows of flame
 o - 14 arrows
 u - 7 bolts of frost (quivered)
Armour
 b - a +0 robe (worn)
Jewellery
 v - an uncursed amulet of regeneration {unknown}
Scrolls
 d - a scroll of blinking
 i - 2 scrolls of identify {unknown}
 j - a scroll of random uselessness {unknown}
 m - a scroll of remove curse {unknown}
 p - a scroll of amnesia {unknown}
 s - a scroll of recharging {unknown}
 t - a scroll of fear {unknown}
Potions
 h - a potion of might {unknown}
 k - a potion of agility
 q - a potion of flight {unknown}
 r - a potion of poison {unknown}
Books
 c - a book of Spatial Translocations

   Spells                             Type                      Level
   a - Apportation                    Translocation                1
   b - Blink                          Translocation                2
   c - Shroud of Golubria             Charms/Translocation         2
   d - Portal Projectile              Translocation                3
   e - Teleport Other                 Translocation                3
   f - Passage of Golubria            Translocation                4
Comestibles
 f - a bread ration


   Skills:
 - Level 1.5 Fighting
 * Level 2.5 Short Blades
 - Level 1.1 Throwing
 - Level 0.6 Armour
 * Level 4.4 Dodging
 * Level 3.1 Spellcasting
 * Level 5.5 Translocations


You couldn't memorise any spells.
You knew the following spells:

 Your Spells              Type           Power        Failure   Level  Hunger
a - Apportation           Tloc           ###.......   2%          1    #......
b - Blink                 Tloc           N/A          3%          2    ##.....
c - Shroud of Golubria    Chrm/Tloc      ##........   12%         2    ##.....
d - Portal Projectile     Tloc           ###...       10%         3    ###....


Dungeon Overview and Level Annotations

Branches:
Dungeon (2/15)

Altars:

Annotations:
D:2 Sigmund


Innate Abilities, Weirdness & Mutations

You are tiny and cannot use many weapons and most armour.
You have supernaturally acute eyesight.
You are a herbivore.
You cover ground extremely quickly.
You need consume almost no food.


Message History

Wield which item (- for none, * to show all)? (? for menu, Esc to quit)
e - a +0 hand crossbow (weapon)
Firing (i - inventory):
u - 9 bolts of frost (quivered)
Press: ? - help, Shift-Dir - straight line, f - Sigmund
Aim: Sigmund, wielding a scythe of freezing and wearing a robe (slightly transparent)
You shoot a bolt of frost.
The bolt of frost closely misses Sigmund.
Sigmund gestures at you while chanting.
You are confused.
Firing (i - inventory):
u - 8 bolts of frost (quivered)
Press: ? - help, Shift-Dir - straight line, f/p - Sigmund
Aim: Sigmund, wielding a scythe of freezing and wearing a robe (slightly transparent)
You shoot a bolt of frost.
You bump into the rock wall.
Sigmund barely misses you.
Sigmund hits you from afar with a scythe of freezing!
Ouch! That really hurt!
* * * LOW HITPOINT WARNING * * *
Sigmund freezes you.
You die...

.## #.###### ##..#
#.##.## ##...#
#######.....###
...(.................
...# ########....###
..# #.#.## #.# #.###
#.### #.#
########.@.# #.# #.#
#......@...# #.# #.#
#.#######..#
##.###### ##.###.
#..# #†.....†.
#...##@#### #..#
##.###### ... .. ...
#..# ### # >..
#.###.###..# # #.#
#.#.....#..# # #.#
#.#.#...†..# #


You could see Sigmund (invisible).

Vanquished Creatures
  3 adders (D:2)
  A giant gecko (D:1)
  4 giant cockroaches (D:1)
  6 hobgoblins
  4 jackals (D:1)
  A quokka (D:2)
  5 bats
  2 giant newts
  4 goblins
  A kobold (D:2)
  5 rats
36 creatures vanquished.

Notes
Turn   | Place    | Note
--------------------------------------------------------------
     0 | D:1      | Chiseanne, the Spriggan Warper, began the quest for the Orb.
     0 | D:1      | Reached XP level 1. HP: 10/10 MP: 4/4
   341 | D:1      | Reached XP level 2. HP: 9/14 MP: 7/7
   466 | D:1      | Learned a level 2 spell: Blink
   469 | D:1      | Learned a level 2 spell: Shroud of Golubria
   542 | D:1      | Reached skill level 5 in Translocations
  1820 | D:2      | Reached XP level 3. HP: 15/18 MP: 8/10
  1825 | D:2      | Learned a level 3 spell: Portal Projectile
  3202 | D:2      | Noticed Sigmund
  3218 | D:2      | Slain by Sigmund

Action                   || total
-------------------------++-------
Melee: Short sword       ||   159
 Fire: Hand crossbow     ||     2
Throw: Tomahawk          ||     5
 Cast: Portal Projectile ||     8
  Use: Potion            ||     2
  Eat: Bread ration      ||     1
